Minnesota North Stars vs Philadelphia Flyers
Created - Saturday, October 14, 2023 at 07:17
Goals
|
| Minnesota North Stars |
5 |
0 |
0 |
5 |
| Philadelphia Flyers |
0 |
2 |
0 |
2 |
|
Shots
|
| Minnesota North Stars |
14 |
16 |
2 |
32 |
| Philadelphia Flyers |
2 |
25 |
8 |
35 |
|
1st period
1. Minnesota North Stars , Jeff Skinner 16 (Ryan Nugent-Hopkins 25, Brandon Montour 14) at 3:32
2. Minnesota North Stars , Rasmus Dahlin 8 (Ryan Nugent-Hopkins 26) at 4:32 (PP)
3. Minnesota North Stars , Evgeni Malkin 12 (Brandon Montour 15, Jack Hughes 17) at 12:53 (PP)
4. Minnesota North Stars , Eeli Tolvanen 6 (Brandon Montour 16) at 17:53
5. Minnesota North Stars , Neal Pionk 4 (Evgeni Malkin 32, Rasmus Dahlin 16) at 18:39
Penalties :
Ben Chiarot (PHI) for Boarding (Major) at 3:50, Jesper Fast (PHI) for Interference (Minor) at 12:46, Rasmus Dahlin (MNS) for Tripping (Minor) at 13:15, Oliver Ekman-Larsson (PHI) for Charging (Double Minor) at 19:35
2nd period
6. Philadelphia Flyers , Auston Matthews 18 (Max Pacioretty 20, Oliver Ekman-Larsson 9) at 4:51 (PP)
7. Philadelphia Flyers , Vladimir Tarasenko 6 (Radek Faksa 10) at 14:27
Penalties :
Rasmus Dahlin (MNS) for Holding (Minor) at 0:03, Derick Brassard (MNS) for Hooking (Minor) at 4:00, Jonathan Toews (MNS) for Tripping (Minor) at 19:09
3rd period
No Goal
Penalties :
Brandon Montour (MNS) for Hooking (Minor) at 12:59
Goalie Stats
Stuart Skinner (MNS), 33 saves from 35 shots - (0.943), W, 10-3-2, 60:00 minutes
Jake Allen (PHI), 27 saves from 32 shots - (0.844), L, 6-5-3, 60:00 minutes
Players Stats for Minnesota North Stars
Player Name G A P +/- PIM S H SB GA TA FO MP PP MP PK MP
------------------------------------------------------------------------------------
Adam Lowry 0 0 0 0 0 3 1 0 1 1 12/18 17:17 0:58 3:30
Alexander Barabanov 0 0 0 0 0 1 0 1 0 0 0/1 12:02 0:46 0:17
Brandon Montour 0 3 3 2 2 2 1 1 0 0 0/0 19:45 2:46 0:00
Derick Brassard 0 0 0 1 2 0 1 0 0 0 1/3 8:23 0:33 0:00
Eeli Tolvanen 1 0 1 1 0 2 2 0 0 0 0/0 8:08 0:20 0:00
Evan Rodrigues 0 0 0 0 0 1 3 0 0 0 1/1 15:06 2:11 0:55
Evgeni Malkin 1 1 2 0 0 4 0 0 0 1 9/15 18:45 2:41 3:30
Frank Vatrano 0 0 0 1 0 1 2 0 0 0 0/1 8:22 0:33 0:00
Gustav Forsling 0 0 0 -1 0 1 0 0 0 1 0/0 21:57 3:12 3:36
Jack Hughes 0 1 1 0 0 5 1 0 1 0 1/1 14:29 2:57 0:00
Jamie Oleksiak 0 0 0 2 0 2 1 4 1 1 0/0 20:18 1:43 3:36
Jeff Skinner 1 0 1 1 0 2 0 1 1 0 0/0 16:46 2:54 0:00
Jonathan Toews 0 0 0 0 2 2 0 0 0 0 1/1 16:23 0:58 2:16
Justin Holl 0 0 0 -1 0 0 1 1 0 0 0/0 16:40 1:07 0:54
Neal Pionk 1 0 1 1 0 1 0 2 1 0 0/0 21:01 2:36 3:12
Rasmus Dahlin 1 1 2 1 4 3 0 0 1 2 0/0 20:22 3:26 2:18
Ryan Nugent-Hopkins 0 2 2 1 0 2 3 2 0 0 11/20 19:56 2:54 3:08
Viktor Arvidsson 0 0 0 1 0 0 0 0 0 0 0/1 15:28 2:54 0:00
Players Stats for Philadelphia Flyers
Player Name G A P +/- PIM S H SB GA TA FO MP PP MP PK MP
------------------------------------------------------------------------------------
Artem Zub 0 0 0 1 0 0 2 2 0 1 0/0 19:42 0:00 3:17
Auston Matthews 1 0 1 -1 0 6 0 1 0 0 7/16 16:07 3:15 1:22
Ben Chiarot 0 0 0 -1 5 1 0 0 0 0 0/0 16:53 0:00 0:41
Bryan Rust 0 0 0 -1 0 0 2 2 0 1 1/1 14:05 0:00 2:25
Elias Lindholm 0 0 0 -1 0 4 1 0 0 0 3/10 17:46 3:33 2:48
Erik Gustafsson 0 0 0 -2 0 1 1 1 0 1 0/0 17:26 2:58 1:22
Jack McBain 0 0 0 0 0 1 0 0 0 0 0/0 15:24 0:00 2:53
Jesper Fast 0 0 0 0 2 0 1 0 0 0 0/0 11:25 0:00 0:00
Justin Faulk 0 0 0 -1 0 4 0 2 0 1 0/0 23:26 3:50 3:12
Marcus Johansson 0 0 0 0 0 2 0 1 2 0 1/3 15:34 3:33 1:09
Matt Duchene 0 0 0 -1 0 5 0 1 0 1 0/1 14:49 3:15 0:00
Matt Roy 0 0 0 -2 0 0 1 1 0 0 0/0 19:00 2:58 3:31
Max Pacioretty 0 1 1 -1 0 4 1 0 0 0 1/2 15:21 3:15 0:39
Nathan Bastian 0 0 0 -1 0 0 0 0 0 0 0/2 9:54 0:00 0:00
Oliver Ekman-Larsson 0 1 1 1 4 0 0 0 0 0 0/0 20:52 3:50 1:38
Radek Faksa 0 1 1 0 0 2 0 1 0 0 7/15 14:50 0:00 2:53
Tyler Johnson 0 0 0 0 0 2 1 0 2 1 6/12 12:12 0:00 0:34
Vladimir Tarasenko 1 0 1 0 0 3 0 1 2 0 0/0 16:06 3:33 0:00
3 Stars
1 - Brandon Montour (MNS)
2 - Ryan Nugent-Hopkins (MNS)
3 - Stuart Skinner (MNS)
Power Play
Minnesota North Stars - 2 on 5 Attempt(s) - 40.00%
Philadelphia Flyers - 1 on 5 Attempt(s) - 20.00%
Penalty Kill
Minnesota North Stars - 4 on 5 Attempt(s) - 80.00%
- Score 0 goal in Penalty Kill
Philadelphia Flyers - 3 on 5 Attempt(s) - 60.00%
- Score 0 goal in Penalty Kill
Team Stat
Minnesota North Stars - Hits : 16 - Faceoff Wins : 36 - Blocked Shots : 12 - Penalty Minutes : 10
Philadelphia Flyers - Hits : 10 - Faceoff Wins : 26 - Blocked Shots : 13 - Penalty Minutes : 11
Official
Referees : Garrett Rank and Dennis LaRue
Linesman : Brian Mach and Brad Lazarowich
Game Notes
No Game Note
Finance
Level 1 -- Attendance: 4831 (80.52%) -- Ticket Income $468,607
Level 2 -- Attendance: 4370 (87.40%) -- Ticket Income $249,090
Level 3 -- Attendance: 2823 (94.10%) -- Ticket Income $95,982
Level 4 -- Attendance: 4900 (98.00%) -- Ticket Income $112,700
Luxury Box -- Attendance: 943 (94.30%) -- Ticket Income $183,885
Game was played at the Wells Fargo Center.
Total Attendance: 17867 (89.34%)
Total Ticket Income: $1,110,264
Other Income: $388,592
Total Income: $1,498,856
Minnesota North Stars
5 vs 5 Forward
Center Left Wing Right Wing Time % Phy DF OF
1 Ryan Nugent-Hopkins Jeff Skinner Viktor Arvidsson 30 1 2 2
2 Evgeni Malkin Jack Hughes Alexander Barabanov 30 1 2 2
3 Adam Lowry Evan Rodrigues Jonathan Toews 30 1 2 2
4 Derick Brassard Eeli Tolvanen Frank Vatrano 10 1 2 2
5 vs 5 Defense
Defense Defense Time % Phy DF OF
1 Rasmus Dahlin Neal Pionk 34 1 2 2
2 Jamie Oleksiak Brandon Montour 34 1 2 2
3 Justin Holl Gustav Forsling 32 1 2 2
4 Rasmus Dahlin Brandon Montour 0 1 2 2
PowerPlay Forward
Center Left Wing Right Wing Time % Phy DF OF
1 Ryan Nugent-Hopkins Jeff Skinner Viktor Arvidsson 50 1 2 2
2 Evgeni Malkin Jack Hughes Evan Rodrigues 50 1 2 2
PowerPlay Defense
Defense Defense Time % Phy DF OF
1 Rasmus Dahlin Brandon Montour 50 1 2 2
2 Neal Pionk Gustav Forsling 50 1 2 2
Penalty Kill 4 Players Forward
Center Wing Time % Phy DF OF
1 Ryan Nugent-Hopkins Jonathan Toews 50 1 2 2
2 Adam Lowry Evgeni Malkin 50 1 2 2
Penalty Kill 4 Players Defense
Defense Defense Time % Phy DF OF
1 Rasmus Dahlin Neal Pionk 50 1 2 2
2 Jamie Oleksiak Gustav Forsling 50 1 2 2
Penalty Kill - 3 Players Forward
Forward Time % Phy DF OF
1 Ryan Nugent-Hopkins 50 1 2 2
2 Evgeni Malkin 50 1 2 2
Penalty Kill - 3 Players Defense
Defense Defense Time % Phy DF OF
1 Rasmus Dahlin Neal Pionk 50 1 2 2
2 Jamie Oleksiak Gustav Forsling 50 1 2 2
4 vs 4 Forward
Center Wing Time % Phy DF OF
1 Ryan Nugent-Hopkins Jeff Skinner 50 1 2 2
2 Evgeni Malkin Jack Hughes 50 1 2 2
4 vs 4 Defense
Defense Defense Time % Phy DF OF
1 Rasmus Dahlin Brandon Montour 50 1 2 2
2 Neal Pionk Gustav Forsling 50 1 2 2
Last Minutes Offensive
Center Left Wing Right Wing Defense Defense
Ryan Nugent-Hopkins Evgeni Malkin Jack Hughes Rasmus Dahlin Brandon Montour
Last Minutes Defensive
Center Left Wing Right Wing Defense Defense
Ryan Nugent-Hopkins Jonathan Toews Adam Lowry Gustav Forsling Jamie Oleksiak
Goaltenders
Starting : Stuart Skinner
Backup : Antti Raanta
Extra Forwards
Normal : Adam Lowry, Jonathan Toews, Evan Rodrigues - PP : Adam Lowry, Jonathan Toews - PK : Evan Rodrigues
Extra Defensemen
Normal : Neal Pionk, Justin Holl, Jamie Oleksiak - PP : Neal Pionk - PK : Justin Holl, Jamie Oleksiak
Penalty Shots
Ryan Nugent-Hopkins, Evgeni Malkin, Jeff Skinner, Brandon Montour, Neal Pionk
Philadelphia Flyers
5 vs 5 Forward
Center Left Wing Right Wing Time % Phy DF OF
1 Auston Matthews Matt Duchene Bryan Rust 25 0 2 3
2 Elias Lindholm Max Pacioretty Nathan Bastian 25 0 2 3
3 Radek Faksa Jack McBain Vladimir Tarasenko 25 0 2 3
4 Tyler Johnson Jesper Fast Marcus Johansson 25 0 2 3
5 vs 5 Defense
Defense Defense Time % Phy DF OF
1 Justin Faulk Ben Chiarot 35 1 2 2
2 Oliver Ekman-Larsson Artem Zub 35 1 2 2
3 Erik Gustafsson Matt Roy 30 1 2 2
4 Justin Faulk Ben Chiarot 0 1 2 2
PowerPlay Forward
Center Left Wing Right Wing Time % Phy DF OF
1 Auston Matthews Max Pacioretty Matt Duchene 50 0 1 4
2 Elias Lindholm Marcus Johansson Vladimir Tarasenko 50 0 1 4
PowerPlay Defense
Defense Defense Time % Phy DF OF
1 Justin Faulk Oliver Ekman-Larsson 50 0 2 3
2 Erik Gustafsson Matt Roy 50 0 2 3
Penalty Kill 4 Players Forward
Center Wing Time % Phy DF OF
1 Radek Faksa Jack McBain 50 0 4 1
2 Elias Lindholm Bryan Rust 50 0 4 1
Penalty Kill 4 Players Defense
Defense Defense Time % Phy DF OF
1 Justin Faulk Ben Chiarot 50 0 5 0
2 Artem Zub Matt Roy 50 0 5 0
Penalty Kill - 3 Players Forward
Forward Time % Phy DF OF
1 Radek Faksa 50 0 5 0
2 Jack McBain 50 0 5 0
Penalty Kill - 3 Players Defense
Defense Defense Time % Phy DF OF
1 Justin Faulk Ben Chiarot 50 0 5 0
2 Artem Zub Matt Roy 50 0 5 0
4 vs 4 Forward
Center Wing Time % Phy DF OF
1 Auston Matthews Matt Duchene 50 0 2 3
2 Elias Lindholm Max Pacioretty 50 0 3 2
4 vs 4 Defense
Defense Defense Time % Phy DF OF
1 Justin Faulk Ben Chiarot 50 0 3 2
2 Oliver Ekman-Larsson Artem Zub 50 0 3 2
Last Minutes Offensive
Center Left Wing Right Wing Defense Defense
Auston Matthews Max Pacioretty Matt Duchene Justin Faulk Oliver Ekman-Larsson
Last Minutes Defensive
Center Left Wing Right Wing Defense Defense
Elias Lindholm Radek Faksa Jack McBain Ben Chiarot Matt Roy
Goaltenders
Starting : Jake Allen
Backup : Connor Ingram
Extra Forwards
Normal : Auston Matthews, Elias Lindholm, Matt Duchene - PP : Auston Matthews, Elias Lindholm - PK : Elias Lindholm
Extra Defensemen
Normal : Justin Faulk, Oliver Ekman-Larsson, Erik Gustafsson - PP : Justin Faulk - PK : Ben Chiarot, Matt Roy
Penalty Shots
Auston Matthews, Matt Duchene, Max Pacioretty, Elias Lindholm, Vladimir Tarasenko
% Time on Ice - Minnesota North Stars
Lines # - Real PCT - Wanted PCT - Time Play
Normal Forward
1 - 29% - 30% - 12:58
2 - 28% - 30% - 12:17
3 - 25% - 30% - 11:08
4 - 18% - 10% - 7:44
Normal Defense
1 - 30% - 34% - 13:01
2 - 33% - 34% - 14:41
3 - 32% - 32% - 13:56
4 - 6% - 0% - 2:29
PP Forward
1 - 49% - 50% - 3:29
2 - 51% - 50% - 3:37
PP Defense
1 - 39% - 50% - 2:46
2 - 61% - 50% - 4:20
PK Forward
1 - 46% - 50% - 3:08
2 - 54% - 50% - 3:40
PK Defense
1 - 47% - 50% - 3:12
2 - 53% - 50% - 3:36
PK3 Forward
1 - 0% - 50%
2 - 0% - 50%
PK3 Defense
1 - 0% - 50%
2 - 0% - 50%
44 Forward
1 - 61% - 50% - 1:13
2 - 39% - 50% - 0:46
44 Defense
1 - 61% - 50% - 1:13
2 - 39% - 50% - 0:46
Last Minute Offensive - 0:00
Last Minute Defensive - 0:00
Total
Forward - 60:00
Defense - 60:00
|
% Time on Ice - Philadelphia Flyers
Lines # - Real PCT - Wanted PCT - Time Play
Normal Forward
1 - 27% - 25% - 11:59
2 - 25% - 25% - 10:56
3 - 23% - 25% - 10:17
4 - 25% - 25% - 10:55
Normal Defense
1 - 39% - 35% - 17:03
2 - 33% - 35% - 14:32
3 - 28% - 30% - 12:32
4 - 0% - 0% - 0:00
PP Forward
1 - 48% - 50% - 3:15
2 - 52% - 50% - 3:33
PP Defense
1 - 56% - 50% - 3:50
2 - 44% - 50% - 2:58
PK Forward
1 - 49% - 50% - 3:30
2 - 51% - 50% - 3:36
PK Defense
1 - 68% - 50% - 4:48
2 - 32% - 50% - 2:18
PK3 Forward
1 - 0% - 50%
2 - 0% - 50%
PK3 Defense
1 - 0% - 50%
2 - 0% - 50%
44 Forward
1 - 61% - 50% - 1:13
2 - 39% - 50% - 0:46
44 Defense
1 - 61% - 50% - 1:13
2 - 39% - 50% - 0:46
Last Minute Offensive - 0:00
Last Minute Defensive - 0:00
Total
Forward - 60:00
Defense - 60:00
|
Play-by-Play
1st period
0:01 of 1st period - Ryan Nugent-Hopkins wins face-off versus Auston Matthews in neutral zone.
0:10 of 1st period - Slapshot by Ryan Nugent-Hopkins.
0:10 of 1st period - Shot Misses the Net.
0:12 of 1st period - Wrist shot by Ryan Nugent-Hopkins.
0:12 of 1st period - Stopped by Jake Allen without a rebound.
0:13 of 1st period - Evgeni Malkin wins face-off versus Max Pacioretty in Philadelphia Flyers zone.
1:22 of 1st period - Bryan Rust is hit by Ryan Nugent-Hopkins and loses puck.
2:07 of 1st period - Wrist shot by Vladimir Tarasenko.
2:07 of 1st period - Shot Misses the Net.
2:13 of 1st period - Slapshot by Radek Faksa.
2:13 of 1st period - Deflect By Jonathan Toews.
2:13 of 1st period - Shot Misses the Net.
2:13 of 1st period - Puck is out of play.
2:14 of 1st period - Tyler Johnson wins face-off versus Ryan Nugent-Hopkins in Minnesota North Stars zone.
2:36 of 1st period - Icing by Jeff Skinner.
2:37 of 1st period - Auston Matthews wins face-off versus Ryan Nugent-Hopkins in Minnesota North Stars zone.
2:46 of 1st period - Slapshot by Vladimir Tarasenko.
2:46 of 1st period - Shot Blocked by Jamie Oleksiak.
2:52 of 1st period - Jack McBain is hit by Brandon Montour and loses puck.
3:11 of 1st period - Wrist shot by Jeff Skinner.
3:11 of 1st period - Shot Blocked by Matt Roy.
3:13 of 1st period - Slapshot by Brandon Montour.
3:13 of 1st period - Stopped by Jake Allen with a rebound.
3:32 of 1st period - Wrist shot by Jeff Skinner.
3:32 of 1st period - Goal by Jeff Skinner - Minnesota North Stars : 1 - Philadelphia Flyers : 0.
3:33 of 1st period - Adam Lowry wins face-off versus Auston Matthews in neutral zone.
3:39 of 1st period - Off-side.
3:40 of 1st period - Adam Lowry wins face-off versus Auston Matthews in neutral zone.
3:50 of 1st period - Major Penalty to Ben Chiarot for Boarding.
3:51 of 1st period - Radek Faksa wins face-off versus Ryan Nugent-Hopkins in Philadelphia Flyers zone.
4:26 of 1st period - Snap shot by Ryan Nugent-Hopkins.
4:26 of 1st period - Shot Misses the Net.
4:28 of 1st period - Wrist shot by Ryan Nugent-Hopkins.
4:28 of 1st period - Shot Misses the Net.
4:30 of 1st period - Wrist shot by Ryan Nugent-Hopkins.
4:30 of 1st period - Shot Misses the Net.
4:32 of 1st period - Slapshot by Rasmus Dahlin.
4:32 of 1st period - Deflect By Radek Faksa.
4:32 of 1st period - Goal by Rasmus Dahlin - Minnesota North Stars : 2 - Philadelphia Flyers : 0.
4:33 of 1st period - Bryan Rust wins face-off versus Evgeni Malkin in neutral zone.
5:32 of 1st period - Jack McBain is hit by Evan Rodrigues and loses puck.
6:43 of 1st period - Snap shot by Rasmus Dahlin.
6:43 of 1st period - Shot Blocked by Auston Matthews.
8:50 of 1st period - Penalty to Ben Chiarot is over, Ben Chiarot is back on ice.
9:18 of 1st period - Nathan Bastian is hit by Evan Rodrigues and loses puck.
9:44 of 1st period - Icing by Evgeni Malkin.
9:45 of 1st period - Radek Faksa wins face-off versus Adam Lowry in Minnesota North Stars zone.
10:06 of 1st period - Bryan Rust is hit by Derick Brassard and loses puck.
10:15 of 1st period - Snap shot by Frank Vatrano.
10:15 of 1st period - Stopped by Jake Allen without a rebound.
10:16 of 1st period - Tyler Johnson wins face-off versus Evgeni Malkin in Philadelphia Flyers zone.
11:16 of 1st period - Icing by Artem Zub.
11:17 of 1st period - Evgeni Malkin wins face-off versus Nathan Bastian in Philadelphia Flyers zone.
11:18 of 1st period - Snap shot by Jack Hughes.
11:18 of 1st period - Stopped by Jake Allen with a rebound.
11:20 of 1st period - Slapshot by Justin Holl.
11:20 of 1st period - Shot Misses the Net.
12:37 of 1st period - Off-side.
12:38 of 1st period - Evgeni Malkin wins face-off versus Tyler Johnson in neutral zone.
12:46 of 1st period - Minor Penalty to Jesper Fast for Interference.
12:47 of 1st period - Evgeni Malkin wins face-off versus Elias Lindholm in Philadelphia Flyers zone.
12:51 of 1st period - Wrist shot by Jack Hughes.
12:51 of 1st period - Stopped by Jake Allen with a rebound.
12:53 of 1st period - Slapshot by Brandon Montour.
12:53 of 1st period - Deflect By Evgeni Malkin.
12:53 of 1st period - Goal by Evgeni Malkin - Minnesota North Stars : 3 - Philadelphia Flyers : 0.
12:54 of 1st period - Tyler Johnson wins face-off versus Alexander Barabanov in neutral zone.
13:15 of 1st period - Minor Penalty to Rasmus Dahlin for Tripping.
13:16 of 1st period - Auston Matthews wins face-off versus Ryan Nugent-Hopkins in Minnesota North Stars zone.
13:17 of 1st period - Snap shot by Matt Duchene.
13:17 of 1st period - Stopped by Stuart Skinner with a rebound.
13:47 of 1st period - Slapshot by Justin Faulk.
13:47 of 1st period - Stopped by Stuart Skinner without a rebound.
13:48 of 1st period - Ryan Nugent-Hopkins wins face-off versus Elias Lindholm in Minnesota North Stars zone.
14:37 of 1st period - Snap shot by Ryan Nugent-Hopkins.
14:37 of 1st period - Stopped by Jake Allen with a rebound.
15:15 of 1st period - Penalty to Rasmus Dahlin is over, Rasmus Dahlin is back on ice.
15:25 of 1st period - Neal Pionk is hit by Matt Roy and loses puck.
15:48 of 1st period - Icing by Jack Hughes.
15:49 of 1st period - Elias Lindholm wins face-off versus Ryan Nugent-Hopkins in Minnesota North Stars zone.
15:58 of 1st period - Snap shot by Max Pacioretty.
15:58 of 1st period - Shot Misses the Net.
16:21 of 1st period - Wrist shot by Adam Lowry.
16:21 of 1st period - Stopped by Jake Allen with a rebound.
16:23 of 1st period - Slapshot by Rasmus Dahlin.
16:23 of 1st period - Shot Misses the Net.
16:59 of 1st period - Jack McBain is hit by Ryan Nugent-Hopkins and loses puck.
17:08 of 1st period - Wrist shot by Ryan Nugent-Hopkins.
17:08 of 1st period - Shot Misses the Net.
17:36 of 1st period - Off-side.
17:37 of 1st period - Derick Brassard wins face-off versus Auston Matthews in neutral zone.
17:53 of 1st period - Snap shot by Eeli Tolvanen.
17:53 of 1st period - Goal by Eeli Tolvanen - Minnesota North Stars : 4 - Philadelphia Flyers : 0.
17:54 of 1st period - Adam Lowry wins face-off versus Tyler Johnson in neutral zone.
18:23 of 1st period - Icing by Max Pacioretty.
18:24 of 1st period - Evgeni Malkin wins face-off versus Elias Lindholm in Philadelphia Flyers zone.
18:33 of 1st period - Wrist shot by Evgeni Malkin.
18:33 of 1st period - Stopped by Jake Allen with a rebound.
18:35 of 1st period - Snap shot by Rasmus Dahlin.
18:35 of 1st period - Shot Misses the Net.
18:37 of 1st period - Snap shot by Evgeni Malkin.
18:37 of 1st period - Stopped by Jake Allen with a rebound.
18:39 of 1st period - Slapshot by Neal Pionk.
18:39 of 1st period - Deflect By Elias Lindholm.
18:39 of 1st period - Goal by Neal Pionk - Minnesota North Stars : 5 - Philadelphia Flyers : 0.
18:40 of 1st period - Adam Lowry wins face-off versus Radek Faksa in neutral zone.
19:17 of 1st period - Rasmus Dahlin is hit by Bryan Rust and loses puck.
19:35 of 1st period - Double Minor Penalty to Oliver Ekman-Larsson for Charging.
19:36 of 1st period - Jack Hughes wins face-off versus Radek Faksa in Philadelphia Flyers zone.
Goals for this period are 5 for Minnesota North Stars vs 0 for Philadelphia Flyers.
Shots for this period are 14 for Minnesota North Stars vs 2 for Philadelphia Flyers.
2nd period
0:01 of 2nd period - Ryan Nugent-Hopkins wins face-off versus Elias Lindholm in neutral zone.
0:03 of 2nd period - Minor Penalty to Rasmus Dahlin for Holding.
0:04 of 2nd period - Auston Matthews wins face-off versus Ryan Nugent-Hopkins in Minnesota North Stars zone.
0:08 of 2nd period - Slapshot by Auston Matthews.
0:08 of 2nd period - Shot Misses the Net.
0:10 of 2nd period - Snap shot by Justin Faulk.
0:10 of 2nd period - Stopped by Stuart Skinner without a rebound.
0:11 of 2nd period - Ryan Nugent-Hopkins wins face-off versus Auston Matthews in Minnesota North Stars zone.
0:20 of 2nd period - Backhand shot by Ryan Nugent-Hopkins.
0:20 of 2nd period - Shot Misses the Net.
0:47 of 2nd period - Ben Chiarot is hit by Ryan Nugent-Hopkins and loses puck.
1:08 of 2nd period - Snap shot by Auston Matthews.
1:08 of 2nd period - Shot Misses the Net.
1:10 of 2nd period - Wrist shot by Auston Matthews.
1:10 of 2nd period - Shot Blocked by Brandon Montour.
1:12 of 2nd period - Slapshot by Ben Chiarot.
1:12 of 2nd period - Stopped by Stuart Skinner with a rebound.
1:14 of 2nd period - Slapshot by Justin Faulk.
1:14 of 2nd period - Deflect By Ryan Nugent-Hopkins.
1:14 of 2nd period - Stopped by Stuart Skinner with a rebound.
1:16 of 2nd period - Snap shot by Matt Duchene.
1:16 of 2nd period - Deflect By Ryan Nugent-Hopkins.
1:16 of 2nd period - Stopped by Stuart Skinner without a rebound.
1:17 of 2nd period - Evgeni Malkin wins face-off versus Elias Lindholm in Minnesota North Stars zone.
1:26 of 2nd period - Slapshot by Evgeni Malkin.
1:26 of 2nd period - Stopped by Jake Allen without a rebound.
1:27 of 2nd period - Elias Lindholm wins face-off versus Evgeni Malkin in Philadelphia Flyers zone.
1:42 of 2nd period - Snap shot by Jack Hughes.
1:42 of 2nd period - Shot Blocked by Artem Zub.
1:44 of 2nd period - Snap shot by Jack Hughes.
1:44 of 2nd period - Shot Misses the Net.
2:03 of 2nd period - Penalty to Rasmus Dahlin is over, Rasmus Dahlin is back on ice.
2:18 of 2nd period - Snap shot by Elias Lindholm.
2:18 of 2nd period - Stopped by Stuart Skinner with a rebound.
2:24 of 2nd period - Evgeni Malkin is hit by Artem Zub and loses puck.
2:41 of 2nd period - Snap shot by Jack Hughes.
2:41 of 2nd period - Stopped by Jake Allen without a rebound.
2:42 of 2nd period - Ryan Nugent-Hopkins wins face-off versus Radek Faksa in Philadelphia Flyers zone.
2:43 of 2nd period - Snap shot by Jeff Skinner.
2:43 of 2nd period - Stopped by Jake Allen with a rebound.
2:53 of 2nd period - Wrist shot by Ryan Nugent-Hopkins.
2:53 of 2nd period - Shot Blocked by Justin Faulk.
2:55 of 2nd period - Slapshot by Rasmus Dahlin.
2:55 of 2nd period - Stopped by Jake Allen with a rebound.
3:35 of 2nd period - Penalty to Oliver Ekman-Larsson is over, Oliver Ekman-Larsson is back on ice.
4:00 of 2nd period - Minor Penalty to Derick Brassard for Hooking.
4:01 of 2nd period - Marcus Johansson wins face-off versus Adam Lowry in Minnesota North Stars zone.
4:26 of 2nd period - Adam Lowry is hit by Erik Gustafsson.
4:51 of 2nd period - Snap shot by Auston Matthews.
4:51 of 2nd period - Goal by Auston Matthews - Minnesota North Stars : 5 - Philadelphia Flyers : 1.
4:52 of 2nd period - Adam Lowry wins face-off versus Radek Faksa in neutral zone.
4:55 of 2nd period - Slapshot by Gustav Forsling.
4:55 of 2nd period - Shot Blocked by Erik Gustafsson.
5:42 of 2nd period - Wrist shot by Auston Matthews.
5:42 of 2nd period - Stopped by Stuart Skinner with a rebound.
5:44 of 2nd period - Slapshot by Matt Duchene.
5:44 of 2nd period - Stopped by Stuart Skinner with a rebound.
5:46 of 2nd period - Slapshot by Ben Chiarot.
5:46 of 2nd period - Deflect By Auston Matthews.
5:46 of 2nd period - Stopped by Stuart Skinner with a rebound.
5:48 of 2nd period - Snap shot by Justin Faulk.
5:48 of 2nd period - Stopped by Stuart Skinner without a rebound.
5:49 of 2nd period - Adam Lowry wins face-off versus Radek Faksa in Minnesota North Stars zone.
6:14 of 2nd period - Snap shot by Elias Lindholm.
6:14 of 2nd period - Shot Misses the Net.
6:16 of 2nd period - Slapshot by Max Pacioretty.
6:16 of 2nd period - Stopped by Stuart Skinner with a rebound.
6:18 of 2nd period - Slapshot by Ben Chiarot.
6:18 of 2nd period - Deflect By Max Pacioretty.
6:18 of 2nd period - Stopped by Stuart Skinner without a rebound.
6:19 of 2nd period - Tyler Johnson wins face-off versus Evgeni Malkin in Minnesota North Stars zone.
6:22 of 2nd period - Slapshot by Marcus Johansson.
6:22 of 2nd period - Stopped by Stuart Skinner with a rebound.
6:24 of 2nd period - Slapshot by Justin Faulk.
6:24 of 2nd period - Shot Blocked by Alexander Barabanov.
6:44 of 2nd period - Wrist shot by Max Pacioretty.
6:44 of 2nd period - Shot Misses the Net.
6:51 of 2nd period - Off-side.
6:52 of 2nd period - Auston Matthews wins face-off versus Ryan Nugent-Hopkins in neutral zone.
6:55 of 2nd period - Snap shot by Auston Matthews.
6:55 of 2nd period - Shot Blocked by Ryan Nugent-Hopkins.
6:57 of 2nd period - Snap shot by Auston Matthews.
6:57 of 2nd period - Shot Misses the Net.
6:59 of 2nd period - Snap shot by Matt Duchene.
6:59 of 2nd period - Stopped by Stuart Skinner with a rebound.
7:01 of 2nd period - Snap shot by Oliver Ekman-Larsson.
7:01 of 2nd period - Shot Blocked by Ryan Nugent-Hopkins.
7:03 of 2nd period - Snap shot by Matt Duchene.
7:03 of 2nd period - Stopped by Stuart Skinner with a rebound.
7:05 of 2nd period - Wrist shot by Auston Matthews.
7:05 of 2nd period - Stopped by Stuart Skinner without a rebound.
7:06 of 2nd period - Radek Faksa wins face-off versus Adam Lowry in Minnesota North Stars zone.
7:40 of 2nd period - Backhand shot by Alexander Barabanov.
7:40 of 2nd period - Shot Misses the Net.
7:56 of 2nd period - Snap shot by Vladimir Tarasenko.
7:56 of 2nd period - Stopped by Stuart Skinner without a rebound.
7:57 of 2nd period - Auston Matthews wins face-off versus Ryan Nugent-Hopkins in Minnesota North Stars zone.
8:52 of 2nd period - Wrist shot by Max Pacioretty.
8:52 of 2nd period - Stopped by Stuart Skinner with a rebound.
8:59 of 2nd period - Icing by Brandon Montour.
9:00 of 2nd period - Auston Matthews wins face-off versus Derick Brassard in Minnesota North Stars zone.
9:52 of 2nd period - Wrist shot by Erik Gustafsson.
9:52 of 2nd period - Deflect By Tyler Johnson.
9:52 of 2nd period - Stopped by Stuart Skinner with a rebound.
10:06 of 2nd period - Snap shot by Ryan Nugent-Hopkins.
10:06 of 2nd period - Shot Misses the Net.
10:08 of 2nd period - Slapshot by Jamie Oleksiak.
10:08 of 2nd period - Stopped by Jake Allen without a rebound.
10:09 of 2nd period - Elias Lindholm wins face-off versus Adam Lowry in Philadelphia Flyers zone.
10:58 of 2nd period - Icing by Alexander Barabanov.
10:59 of 2nd period - Radek Faksa wins face-off versus Derick Brassard in Minnesota North Stars zone.
11:08 of 2nd period - Jack McBain is hit by Eeli Tolvanen and loses puck.
11:44 of 2nd period - Off-side.
11:45 of 2nd period - Auston Matthews wins face-off versus Viktor Arvidsson in neutral zone.
12:12 of 2nd period - Snap shot by Evan Rodrigues.
12:12 of 2nd period - Stopped by Jake Allen without a rebound.
12:13 of 2nd period - Max Pacioretty wins face-off versus Adam Lowry in Philadelphia Flyers zone.
12:13 of 2nd period - Oliver Ekman-Larsson is hit by Evan Rodrigues and loses puck.
12:47 of 2nd period - Alexander Barabanov is hit by Tyler Johnson and loses puck.
13:07 of 2nd period - Wrist shot by Viktor Arvidsson.
13:07 of 2nd period - Shot Blocked by Radek Faksa.
13:09 of 2nd period - Wrist shot by Brandon Montour.
13:09 of 2nd period - Stopped by Jake Allen without a rebound.
13:10 of 2nd period - Adam Lowry wins face-off versus Tyler Johnson in Philadelphia Flyers zone.
13:11 of 2nd period - Slapshot by Rasmus Dahlin.
13:11 of 2nd period - Shot Blocked by Marcus Johansson.
13:37 of 2nd period - Snap shot by Jack Hughes.
13:37 of 2nd period - Stopped by Jake Allen with a rebound.
13:39 of 2nd period - Slapshot by Gustav Forsling.
13:39 of 2nd period - Stopped by Jake Allen with a rebound.
13:41 of 2nd period - Slapshot by Justin Holl.
13:41 of 2nd period - Shot Blocked by Bryan Rust.
13:43 of 2nd period - Wrist shot by Alexander Barabanov.
13:43 of 2nd period - Stopped by Jake Allen without a rebound.
13:44 of 2nd period - Ryan Nugent-Hopkins wins face-off versus Nathan Bastian in Philadelphia Flyers zone.
13:47 of 2nd period - Slapshot by Jeff Skinner.
13:47 of 2nd period - Shot Misses the Net.
14:21 of 2nd period - Snap shot by Auston Matthews.
14:21 of 2nd period - Shot Misses the Net.
14:23 of 2nd period - Slapshot by Erik Gustafsson.
14:23 of 2nd period - Stopped by Stuart Skinner without a rebound.
14:24 of 2nd period - Radek Faksa wins face-off versus Evgeni Malkin in Minnesota North Stars zone.
14:27 of 2nd period - Wrist shot by Vladimir Tarasenko.
14:27 of 2nd period - Goal by Vladimir Tarasenko - Minnesota North Stars : 5 - Philadelphia Flyers : 2.
14:28 of 2nd period - Radek Faksa wins face-off versus Evgeni Malkin in neutral zone.
15:02 of 2nd period - Slapshot by Rasmus Dahlin.
15:02 of 2nd period - Stopped by Jake Allen with a rebound.
15:36 of 2nd period - Snap shot by Frank Vatrano.
15:36 of 2nd period - Shot Misses the Net.
15:38 of 2nd period - Slapshot by Brandon Montour.
15:38 of 2nd period - Shot Blocked by Artem Zub.
15:40 of 2nd period - Slapshot by Eeli Tolvanen.
15:40 of 2nd period - Stopped by Jake Allen with a rebound.
15:42 of 2nd period - Slapshot by Brandon Montour.
15:42 of 2nd period - Shot Blocked by Bryan Rust.
15:44 of 2nd period - Slapshot by Jamie Oleksiak.
15:44 of 2nd period - Stopped by Jake Allen without a rebound.
15:45 of 2nd period - Evgeni Malkin wins face-off versus Radek Faksa in Philadelphia Flyers zone.
15:46 of 2nd period - Snap shot by Jack Hughes.
15:46 of 2nd period - Stopped by Jake Allen without a rebound.
15:47 of 2nd period - Evgeni Malkin wins face-off versus Radek Faksa in Philadelphia Flyers zone.
15:48 of 2nd period - Slapshot by Jack Hughes.
15:48 of 2nd period - Shot Blocked by Vladimir Tarasenko.
16:32 of 2nd period - Slapshot by Jack McBain.
16:32 of 2nd period - Shot Blocked by Jamie Oleksiak.
16:34 of 2nd period - Snap shot by Radek Faksa.
16:34 of 2nd period - Stopped by Stuart Skinner with a rebound.
16:36 of 2nd period - Slapshot by Ben Chiarot.
16:36 of 2nd period - Shot Blocked by Jamie Oleksiak.
16:38 of 2nd period - Snap shot by Radek Faksa.
16:38 of 2nd period - Shot Blocked by Jeff Skinner.
17:36 of 2nd period - Snap shot by Radek Faksa.
17:36 of 2nd period - Stopped by Stuart Skinner with a rebound.
17:38 of 2nd period - Snap shot by Jack McBain.
17:38 of 2nd period - Stopped by Stuart Skinner without a rebound.
17:39 of 2nd period - Adam Lowry wins face-off versus Elias Lindholm in Minnesota North Stars zone.
18:04 of 2nd period - Gustav Forsling is hit by Bryan Rust.
18:12 of 2nd period - Snap shot by Jonathan Toews.
18:12 of 2nd period - Deflect By Auston Matthews.
18:12 of 2nd period - Stopped by Jake Allen with a rebound.
18:14 of 2nd period - Slapshot by Neal Pionk.
18:14 of 2nd period - Shot Blocked by Matt Duchene.
18:16 of 2nd period - Snap shot by Adam Lowry.
18:16 of 2nd period - Stopped by Jake Allen without a rebound.
18:17 of 2nd period - Evgeni Malkin wins face-off versus Tyler Johnson in Philadelphia Flyers zone.
18:54 of 2nd period - Wrist shot by Max Pacioretty.
18:54 of 2nd period - Stopped by Stuart Skinner without a rebound.
18:55 of 2nd period - Jonathan Toews wins face-off versus Auston Matthews in Minnesota North Stars zone.
19:09 of 2nd period - Minor Penalty to Jonathan Toews for Tripping.
19:10 of 2nd period - Ryan Nugent-Hopkins wins face-off versus Auston Matthews in Minnesota North Stars zone.
19:36 of 2nd period - Oliver Ekman-Larsson is hit by Jamie Oleksiak and loses puck.
Goals for this period are 0 for Minnesota North Stars vs 2 for Philadelphia Flyers.
Shots for this period are 16 for Minnesota North Stars vs 25 for Philadelphia Flyers.
3rd period
0:01 of 3rd period - Adam Lowry wins face-off versus Marcus Johansson in neutral zone.
0:37 of 3rd period - Icing by Justin Faulk.
0:38 of 3rd period - Adam Lowry wins face-off versus Marcus Johansson in Philadelphia Flyers zone.
1:09 of 3rd period - Penalty to Jonathan Toews is over, Jonathan Toews is back on ice.
1:31 of 3rd period - Slapshot by Elias Lindholm.
1:31 of 3rd period - Deflect By Vladimir Tarasenko.
1:31 of 3rd period - Stopped by Stuart Skinner with a rebound.
1:33 of 3rd period - Wrist shot by Elias Lindholm.
1:33 of 3rd period - Stopped by Stuart Skinner with a rebound.
2:05 of 3rd period - Wrist shot by Evgeni Malkin.
2:05 of 3rd period - Shot Blocked by Justin Faulk.
2:17 of 3rd period - Jonathan Toews is hit by Elias Lindholm and loses puck.
3:04 of 3rd period - Slapshot by Elias Lindholm.
3:04 of 3rd period - Shot Misses the Net.
3:06 of 3rd period - Slapshot by Vladimir Tarasenko.
3:06 of 3rd period - Shot Blocked by Jamie Oleksiak.
3:08 of 3rd period - Wrist shot by Elias Lindholm.
3:08 of 3rd period - Stopped by Stuart Skinner with a rebound.
3:10 of 3rd period - Snap shot by Vladimir Tarasenko.
3:10 of 3rd period - Deflect By Elias Lindholm.
3:10 of 3rd period - Stopped by Stuart Skinner without a rebound.
3:11 of 3rd period - Ryan Nugent-Hopkins wins face-off versus Auston Matthews in Minnesota North Stars zone.
4:17 of 3rd period - Matt Roy is hit by Frank Vatrano and loses puck.
5:19 of 3rd period - Viktor Arvidsson is hit by Artem Zub and loses puck.
7:43 of 3rd period - Max Pacioretty is hit by Adam Lowry and loses puck.
8:55 of 3rd period - Icing by Tyler Johnson.
8:56 of 3rd period - Ryan Nugent-Hopkins wins face-off versus Matt Duchene in Philadelphia Flyers zone.
9:33 of 3rd period - Alexander Barabanov is hit by Jesper Fast.
9:51 of 3rd period - Snap shot by Derick Brassard.
9:51 of 3rd period - Deflect By Ryan Nugent-Hopkins.
9:51 of 3rd period - Shot Misses the Net.
9:51 of 3rd period - Puck is out of play.
9:52 of 3rd period - Ryan Nugent-Hopkins wins face-off versus Elias Lindholm in Philadelphia Flyers zone.
9:55 of 3rd period - Wrist shot by Ryan Nugent-Hopkins.
9:55 of 3rd period - Shot Misses the Net.
10:17 of 3rd period - Wrist shot by Jonathan Toews.
10:17 of 3rd period - Stopped by Jake Allen with a rebound.
11:01 of 3rd period - Wrist shot by Jeff Skinner.
11:01 of 3rd period - Shot Misses the Net.
11:31 of 3rd period - Ben Chiarot is hit by Frank Vatrano and loses puck.
11:49 of 3rd period - Snap shot by Radek Faksa.
11:49 of 3rd period - Shot Blocked by Neal Pionk.
12:11 of 3rd period - Slapshot by Auston Matthews.
12:11 of 3rd period - Stopped by Stuart Skinner without a rebound.
12:12 of 3rd period - Tyler Johnson wins face-off versus Ryan Nugent-Hopkins in Minnesota North Stars zone.
12:39 of 3rd period - Jack McBain is hit by Justin Holl and loses puck.
12:59 of 3rd period - Minor Penalty to Brandon Montour for Hooking.
13:00 of 3rd period - Ryan Nugent-Hopkins wins face-off versus Auston Matthews in Minnesota North Stars zone.
13:47 of 3rd period - Slapshot by Rasmus Dahlin.
13:47 of 3rd period - Shot Misses the Net.
13:55 of 3rd period - Neal Pionk is hit by Max Pacioretty and loses puck.
14:59 of 3rd period - Penalty to Brandon Montour is over, Brandon Montour is back on ice.
15:05 of 3rd period - Slapshot by Jamie Oleksiak.
15:05 of 3rd period - Deflect By Eeli Tolvanen.
15:05 of 3rd period - Shot Misses the Net.
15:05 of 3rd period - Puck is out of play.
15:06 of 3rd period - Tyler Johnson wins face-off versus Frank Vatrano in Philadelphia Flyers zone.
15:18 of 3rd period - Snap shot by Bryan Rust.
15:18 of 3rd period - Deflect By Tyler Johnson.
15:18 of 3rd period - Stopped by Stuart Skinner with a rebound.
15:36 of 3rd period - Bryan Rust is hit by Eeli Tolvanen and loses puck.
15:44 of 3rd period - Icing by Bryan Rust.
15:45 of 3rd period - Evan Rodrigues wins face-off versus Tyler Johnson in Philadelphia Flyers zone.
15:56 of 3rd period - Backhand shot by Adam Lowry.
15:56 of 3rd period - Stopped by Jake Allen without a rebound.
15:57 of 3rd period - Adam Lowry wins face-off versus Radek Faksa in Philadelphia Flyers zone.
16:02 of 3rd period - Wrist shot by Evan Rodrigues.
16:02 of 3rd period - Deflect By Jonathan Toews.
16:02 of 3rd period - Shot Hit the Post.
16:02 of 3rd period - Puck is out of play.
16:03 of 3rd period - Radek Faksa wins face-off versus Adam Lowry in Philadelphia Flyers zone.
17:00 of 3rd period - Wrist shot by Elias Lindholm.
17:00 of 3rd period - Shot Blocked by Justin Holl.
17:18 of 3rd period - Wrist shot by Auston Matthews.
17:18 of 3rd period - Shot Blocked by Neal Pionk.
17:20 of 3rd period - Slapshot by Auston Matthews.
17:20 of 3rd period - Stopped by Stuart Skinner with a rebound.
18:11 of 3rd period - Slapshot by Tyler Johnson.
18:11 of 3rd period - Deflect By Marcus Johansson.
18:11 of 3rd period - Stopped by Stuart Skinner without a rebound.
18:12 of 3rd period - Adam Lowry wins face-off versus Tyler Johnson in Minnesota North Stars zone.
18:44 of 3rd period - Radek Faksa is hit by Jack Hughes and loses puck.
Goals for this period are 0 for Minnesota North Stars vs 0 for Philadelphia Flyers.
Shots for this period are 2 for Minnesota North Stars vs 8 for Philadelphia Flyers.
Back to the Top